AoeStats
← Che Guevara

Arabia

510123433Analyzed
3v3 RM · 21h ago on Sep 29, 2026· 56m 54s· 6 players
Game mode
Random Map
Map size
Normal (6 player)
Population
200
Speed
Normal
Resources
Standard
Victory
Conquest
Starting age
Dark Age
Ending age
Imperial Age
RankedLock teamsTeams togetherTeam positionsShared explorationLock speedFull tech treeHidden civsTurbo modeCheats
Victory
Defeat
🇭🇺 Byzantines · Hungary
994
+26
🇭🇺 Mongols · Hungary
948
+15
🇭🇺 Romans · Hungary
924
+32
914
-14
🇪🇸 Magyars · Spain
906
-14
🇪🇸 Portuguese · Spain
904
-14
Che Guevara
3:35 Loom
11:36 Feudal Age
12:22 Double-Bit Axe
18:43 Wheelbarrow
22:57 Castle Age
21:32 Stone Mining
25:49 Bow Saw
26:24 Stone Shaft Mining
39:01 Gold Mining
39:21 Horse Collar
54:55 Imperial Age
55:16 Elite Skirmisher
56:17 Padded Archer Armor
56:08 Fletching
Per saecula saeculorum
2:55 Loom
10:11 Feudal Age
10:35 Horse Collar
10:41 Double-Bit Axe
20:16 Wheelbarrow
28:22 Castle Age
26:26 Scale Mail Armor
26:36 Forging
26:28 Padded Archer Armor
28:29 Fletching
29:18 Chain Mail Armor
28:36 Pikeman
31:35 Heavy Plow
31:46 Bow Saw
34:31 Iron Casting
34:20 Leather Archer Armor
34:15 Bodkin Arrow
34:50 Elite Skirmisher
38:46 Hand Cart
39:41 Ballistics
39:42 Gold Mining
39:43 Stone Mining
49:21 Crossbowman
Wolsitto
3:18 Loom
11:49 Feudal Age
13:22 Double-Bit Axe
15:31 Gold Mining
15:35 Horse Collar
16:44 Bloodlines
26:28 Castle Age
26:21 Wheelbarrow
26:25 Stone Mining
27:03 Scale Barding Armor
26:42 Light Cavalry
27:23 Husbandry
28:40 Chain Barding Armor
28:39 Heavy Plow
28:51 Bow Saw
34:13 Hand Cart
36:53 Imperial Age
34:31 Corvinian Army
38:19 Conscription
40:18 Crop Rotation
41:51 Elite Magyar Huszar
43:16 Plate Barding Armor
51:46 Thumb Ring
52:31 Padded Archer Armor
52:22 Fletching
52:58 Ballistics
53:39 Chemistry
54:22 Parthian Tactics
53:19 Heavy Cavalry Archer
54:19 Leather Archer Armor
54:00 Bodkin Arrow
55:30 Two-Man Saw
Klaroxy
0:34 Loom
10:43 Feudal Age
11:46 Double-Bit Axe
21:04 Castle Age
21:10 Horse Collar
21:25 Stone Mining
22:32 Scale Barding Armor
22:40 Forging
24:04 Wheelbarrow
24:31 Husbandry
27:05 Bow Saw
30:43 Chain Barding Armor
32:44 Gold Mining
33:36 Iron Casting
33:42 Hand Cart
34:36 Caravan
35:40 Heavy Plow
38:51 Imperial Age
37:53 Gold Shaft Mining
38:52 Elite Cataphract
40:51 Conscription
41:43 Logistica
46:35 Plate Barding Armor
48:43 Two-Man Saw
47:34 Elite Varangian Guard
48:16 Squires
48:02 Arson
53:00 Scale Mail Armor
Danath_A_Szarevő
6:20 Loom
8:32 Feudal Age
10:47 Double-Bit Axe
16:25 Fletching
23:38 Castle Age
22:42 Gold Mining
23:12 Bloodlines
24:14 Scale Barding Armor
24:22 Husbandry
25:12 Forging
26:27 Chain Barding Armor
26:42 Bow Saw
27:30 Horse Collar
31:06 Iron Casting
33:59 Thumb Ring
36:01 Stone Mining
37:07 Heavy Plow
38:35 Wheelbarrow
38:06 Bodkin Arrow
39:15 Stone Shaft Mining
39:15 Padded Archer Armor
41:04 Gold Shaft Mining
41:01 Leather Archer Armor
42:09 Hand Cart
43:57 Ballistics
49:44 Imperial Age
49:02 Masonry
51:02 Bracer
51:36 Parthian Tactics
51:15 Town Watch
52:33 Blast Furnace
51:48 Light Cavalry
51:54 Heavy Camel Rider
52:14 Heavy Cavalry Archer
54:55 Conscription
54:12 Hussar
55:00 Scale Mail Armor
56:04 Chemistry
55:10 Siege Engineers
56:53 Chain Mail Armor
Vipi
7:26 Loom
10:16 Feudal Age
10:49 Double-Bit Axe
10:36 Man-at-Arms
15:14 Scale Mail Armor
22:50 Castle Age
27:12 Scale Barding Armor
29:07 Chain Mail Armor
28:15 Long Swordsman
29:09 Gold Mining
29:36 Squires
29:51 Forging
30:15 Bow Saw
29:47 Horse Collar
35:56 Padded Archer Armor
35:46 Fletching
43:39 Imperial Age
41:32 Bodkin Arrow
42:24 Gold Shaft Mining
42:46 Ballistas
44:38 Heavy Scorpion
46:14 Iron Casting
45:55 Leather Archer Armor
46:43 Legionary
49:56 Blast Furnace
49:27 Ring Archer Armor
Connection lost

Rejoining the realm…

Still unreachable

The connection could not be restored.

Session expired

The server has moved on; the page needs a fresh start.